 Dungeon Crawl Stone Soup version 0.28.0-1-gb440e238dd (webtiles) character file.

Game seed: 3712977985969310579

221 Zonian the Stinger (level 5, 0/35 HPs)
             Began as a Demonspawn Venom Mage on Feb 27, 2022.
             Engulfed by a steam dragon's steam (6 damage)
             ... on level 5 of the Dungeon.
             The game lasted 00:09:01 (3527 turns).

Zonian the Stinger (Demonspawn Venom Mage)          Turns: 3527, Time: 00:09:04

Health: 0/35       AC: 10    Str:  8    XL:     5   Next: 65%
Magic:  3/9        EV: 12    Int: 18    God:
Gold:   128        SH:  0    Dex: 14    Spells: 3/9 levels left

rFire   . . .      SeeInvis .   d - +5 quick blade of Regicide {drain, rN++}
rCold   . . .      Faith    .   s - orb {mayhem}
rNeg    + + .      Spirit   .   a - +1 robe
rPois   .          Reflect  .   (helmet restricted)
rElec   .          Harm     .   f - +2 cloak
rCorr   .          Rampage  .   (no gloves)
Will    .....                   (no boots)
Stlth   ++........              (no amulet)
HPRegen 0.11/turn               e - +4 ring of protection
MPRegen 0.11/turn               (no ring)

@: no status effects
A: horns 1, powered by death 1
a: no special abilities


You were on level 5 of the Dungeon.
You visited 1 branch of the dungeon, and saw 5 of its levels.

You collected 128 gold pieces.

Inventory:

Hand Weapons
 c - a +0 dagger of venom
 d - the +5 quick blade of Regicide (weapon) {drain, rN++}
   (You acquired it on level 3 of the Dungeon)

   A truly terrible weapon, it drains the life of any living foe it strikes.
   rN:        It greatly protects you from negative energy.
 h - a +2 dagger of speed
 m - a +0 dagger of electrocution
Missiles
 j - 6 poisoned darts
Armour
 a - a +1 robe (worn)
 f - a +2 cloak (worn)
 g - the +4 ring mail "Mail" {Contam rElec rF+++ SInv}
   (You found it on level 3 of the Dungeon)

   rF:        It renders you almost immune to fire.
   rElec:     It insulates you from electricity.
   SInv:      It lets you see invisible.
   Contam:    It causes magical contamination when unequipped.
 s - an orb of mayhem (worn)
Jewellery
 e - a +4 ring of protection (left hand)
Wands
 i - a wand of flame (17)
Potions
 k - a potion of mutation
 l - a potion of haste
 n - a potion of ambrosia
 q - a potion of flight


   Skills:
 + Level 2.6 Dodging
 + Level 2.7 Stealth
 + Level 2.8 Spellcasting
 + Level 1.2 Conjurations
 + Level 2.2 Transmutations
 + Level 1.2 Air Magic
 + Level 3.7 Poison Magic


You had 3 spell levels left.
You knew the following spells:

 Your Spells              Type           Power      Damage    Failure   Level
a - Sting                 Tmut/Pois      52%        1d5       4%          1
b - Mephitic Cloud        Conj/Pois/Air  10%        N/A       22%         3
c - Poisonous Vapours     Pois/Air       22%        N/A       9%          2

Your spell library contained the following spells:

 Spells                   Type           Power      Damage    Failure   Level
 Gell's Gravitas          Tloc           2%         N/A       45%         3
 Teleport Other           Tloc           2%         N/A       45%         3
 Olgreb's Toxic Radiance  Pois           16%        N/A       34%         4
 Dispersal                Tloc           1%         N/A       100%        6


Dungeon Overview and Level Annotations

Branches:
Dungeon (5/15)
 Temple: D:4-7

Altars:

Shops:
D:1 *


Innate Abilities, Weirdness & Mutations

You have a pair of small horns on your head.
You regenerate a little health from kills.


Message History

The steam dragon claws you but does no damage.
Unknown command.
Casting: Sting (safe; 4% risk of failure)
Confirm with . or Enter, or press ? or * to list all spells.
Aiming: Sting (safe; 4% risk of failure)
Press: ? - help, Shift-Dir - straight line, f/p - steam dragon
Aim: a steam dragon (severely wounded, poisoned, heavily drained, 71% to hit)
The sting hits the steam dragon but does no damage.
The steam dragon looks even sicker.
The steam dragon is severely wounded.
The steam dragon bites you. The steam dragon barely misses you.
Casting: Sting (safe; 4% risk of failure)
Confirm with . or Enter, or press ? or * to list all spells.
Aiming: Sting (safe; 4% risk of failure)
Press: ? - help, Shift-Dir - straight line, f/p - steam dragon
Aim: a steam dragon (severely wounded, very poisoned, heavily drained, 71% to hit)
The sting hits the steam dragon.
The steam dragon looks even sicker.
The steam dragon is severely wounded.
An iguana comes into view.
The steam dragon bites you but does no damage.
The steam dragon claws you but does no damage.
You barely miss the steam dragon.
The steam dragon is severely wounded.
You hit the steam dragon but do no damage.
The steam dragon is severely wounded.
The steam dragon breathes steam at you. The ball of steam hits you!
* * * LOW HITPOINT WARNING * * *
Unknown command.
Sorry, you're not good enough to have a special ability.
Unknown command.
Casting: Sting (safe; 4% risk of failure)
Confirm with . or Enter, or press ? or * to list all spells.
Aiming: Poisonous Vapours (safe; 9% risk of failure)
Press: ? - help, Dir - move target, f/p - steam dragon
Aim: a steam dragon (severely wounded, very poisoned, catching its breath, heavily drained) Poisonous vapours surround the steam dragon!
The steam dragon looks as sick as possible!
You are engulfed in a cloud of scalding steam.
You die...

##. ... #..
#.# #.# #§#
#§# #@# ##D##
# #...#######
#..#l#........
#....#######
........##
###..#### #..
....


You could see a steam dragon (extremely poisoned, catching breath, drained) and
an iguana.

Vanquished Creatures
  A jelly (D:3)
  An iguana (D:4)
  2 orc wizards (D:3)
  3 adders
  2 worms
  2 dart slugs
  7 orcs
  3 ball pythons
  10 bats
  4 endoplasms
  2 giant cockroaches (D:2)
  5 goblins
  7 hobgoblins
  3 jackals (D:2)
  5 quokkas
  6 kobolds
  5 rats (D:2)
68 creatures vanquished.

Vanquished Creatures (collateral kills)
  A ball python (D:4)
1 creature vanquished.

Vanquished Creatures (others)
  An orc (D:3)
1 creature vanquished.

Grand Total: 70 creatures vanquished

Notes
Turn   | Place    | Note
-------+----------+-------------------------------------------
     0 | D:1      | Zonian the Demonspawn Venom Mage began the quest for the
                  | Orb.
     0 | D:1      | Reached XP level 1. HP: 13/13 MP: 3/3
   124 | D:1      | Reached skill level 1 in Transmutations
   623 | D:1      | Discovered your monstrous ancestry.
   623 | D:1      | Gained mutation: You have a pair of small horns on your
                  | head. [demonic ancestry]
   623 | D:1      | Reached XP level 2. HP: 15/19 MP: 0/5
   793 | D:1      | Found Seimisa's General Store.
  1580 | D:2      | Gained mutation: You regenerate a little health from kills.
                  | [demonic ancestry]
  1580 | D:2      | Reached XP level 3. HP: 24/24 MP: 6/6
  1584 | D:2      | Learned a level 3 spell: Mephitic Cloud
  1587 | D:2      | Learned a level 2 spell: Poisonous Vapours
  2442 | D:3      | Identified a scroll of acquirement
  2442 | D:3      | Acquired the +5 quick blade of Regicide {drain, rN++}
  2490 | D:3      | Reached XP level 4. HP: 28/30 MP: 7/7
  2578 | D:3      | Identified the +4 ring mail "Mail" {Contam rElec rF+++
                  | SInv}
  2641 | D:3      | Reached XP level 5. HP: 35/35 MP: 7/9
  2644 | D:3      | Reached skill level 1 in Conjurations
  2644 | D:3      | Reached skill level 1 in Air Magic
  3481 | D:4      | Noticed a steam dragon
  3501 | D:5      | Entered Level 5 of the Dungeon
  3527 | D:5      | Engulfed by a steam dragon's steam

Illustrated notes

Levels and vault maps discovered:
D:1:      psy_arrival_fountain, layout_basic, serial_shops,
          nicolae_shop_waterfront, minmay_misc_feat_nine_boxes, hex_tiny
D:2:      layout_basic, grunt_decor_one_mirror
D:3:      layout_loops_ring
D:4:      layout_loops_cross, serial_shops, shop, st_stairs_10
D:5:      layout_loops_ring, jmf_multi_god_temple, minmay_stone_trees_small,
          lightli_minifort

Skill      XL: |  1  2  3  4  5 |
---------------+----------------+-----
Transmutations | 1 2 |  2.2
Stealth        | 2 |  2.7
Dodging        | 2 |  2.6
Conjurations   | 1 |  1.2
Air Magic      | 1 |  1.2
Spellcasting   | |  2.8
Poison Magic   | |  3.7

Action                   |  1- 3 |  4- 6 || total
-------------------------+-------+-------++-------
Melee: Unarmed           |     1 |       ||     1
       Dagger            |    62 |       ||    62
       Headbutt          |     8 |    17 ||    25
       Quick blade       |     4 |    76 ||    80
       Punch             |       |     1 ||     1
 Cast: Sting             |    37 |     5 ||    42
       Poisonous Vapours |       |     1 ||     1
  Use: Scroll            |     1 |    12 ||    13
       Potion            |       |     3 ||     3
 Stab: Sleeping          |    12 |     5 ||    17
Armor: Robe              |    29 |    28 ||    57
Dodge: Dodged            |    47 |    63 ||   110
